Map: Acid Plant LE

Players

Isaac - Winner!

  • Race: Zerg Zerg
  • Spawn Location: 5:00

mLty

  • Race: Terran Terran
  • Spawn Location: 11:00

Event: WCS Austin 2018

VOD

Have the link to the VOD?

Description

Time

  • Played on: June 1, 2018, 2:16 p.m.
  • Length: 11:32

All games in this series

Show
View Real Time Build Order
Export as new Build Order

Isaac Zerg - Winner!

Build Orders: Hatch First 

Get SALT Encoding   

  12  0:01  Drone  
  13  0:12  Overlord  
  13  0:20  Drone  
  14  0:31  Drone x2  
  16  0:38  Drone  
  17  0:52  Hatchery  
  17  0:55  Drone  
  17  0:59  Drone  
  18  1:06  Extractor  
  17  1:14  Spawning Pool  
  17  1:17  Drone  
  17  1:22  Drone  
  18  1:29  Drone  
  19  1:39  Overlord  
  19  2:01  Queen  
  19  2:02  Zergling x4  
  19  2:03  Queen  
  19  2:07  Metabolic Boost  
  25  2:11  Drone x2  
  27  2:17  Drone  
  28  2:36  Drone x2  
  30  2:37  Queen  
  30  2:39  Queen  
  30  2:43  Overlord  
  34  2:45  Drone  
  34  2:47  Drone  
  36  2:53  Overlord  
  36  3:10  Drone x7  
  43  3:13  Drone x3  
  46  3:29  Hatchery  
  45  3:39  Evolution Chamber  
  45  3:40  Evolution Chamber, Drone, Extractor  
  45  3:41  Drone  
  44  3:43  Zergling x6  
  47  3:53  Overlord  
  47  3:54  Drone  
  47  3:55  Drone x4  
  52  4:01  Overlord  
  52  4:11  Overlord  
  52  4:17  Spore Crawler  
  51  4:19  Spore Crawler  
  50  4:25  Zergling x6  
  50  4:27  Spore Crawler, Zerg Ground Armor Level 1, Zerg Melee Weapons Level 1  
  50  4:29  Drone  
  50  4:30  Drone x2  
  55  4:37  Drone  
  56  4:40  Zergling x6  
  59  4:47  Zergling x6  
  60  4:55  Zergling x4  
  54  5:00  Spine Crawler  
  54  5:03  Zergling x14  
  54  5:04  Zergling x2  
  56  5:15  Zergling x6  
  56  5:20  Overlord, Lair  
  57  5:27  Drone x2  
  57  5:28  Queen  
  59  5:37  Drone x3  
  62  5:52  Drone x4  
  62  5:53  Drone x5  
  67  6:07  Hatchery  
  67  6:08  Zergling x10  
  67  6:21  Drone  
  67  6:22  Drone x8  
  67  6:24  Zerg Melee Weapons Level 2  
  76  6:26  Hydralisk Den  
  76  6:29  Baneling Nest  
  76  6:30  Zerg Ground Armor Level 2  
  74  6:39  Extractor  
  72  6:40  Extractor x2  
  72  6:42  Extractor  
  72  6:43  Drone x8  
  75  6:50  Drone  
  75  6:52  Overlord  
  75  6:53  Overlord  
  76  6:54  Zergling x6  
  76  6:55  Zergling x4  
  81  7:10  Overlord x2, Grooved Spines  
  81  7:11  Overlord  
  81  7:17  Hatchery, Drone x2  
  81  7:19  Drone x3  
  85  7:25  Queen  
  87  7:31  Hydralisk x4  
  95  7:43  Drone  
  95  7:44  Drone x4  
  98  7:45  Drone x2  
  98  7:47  Zergling x12  
  98  7:49  Baneling x7  
  107  7:54  Hydralisk x2  
  107  8:06  Centrifical Hooks  
  107  8:07  Zergling x6  
  107  8:08  Zergling x6  
  102  8:33  Hydralisk x7  
  111  8:35  Zergling x2  
  111  8:37  Overlord x4  
  112  8:43  Hatchery  
  111  8:56  Muscular Augments  
  111  8:58  Zerg Missile Weapons Level 1, Hydralisk  
  111  8:59  Hydralisk x4  
  121  9:03  Overseer  
  121  9:05  Zergling x8  
  121  9:06  Zergling x2  
  126  9:16  Zergling x14  
  126  9:17  Zergling x2  
  134  9:26  Zergling x12  
  140  9:43  Infestation Pit, Drone x2  
  140  9:45  Drone x2  
  143  9:50  Zergling x2  
  143  9:52  Overlord x2  
  144  9:53  Overlord x6  
  144  10:10  Baneling x3  
  144  10:11  Baneling x9  
  144  10:12  Hatchery  
  143  10:14  Queen  
  143  10:15  Zergling x2  
  143  10:16  Zergling x14  
  152  10:31  Zergling x10  
  152  10:32  Zergling x14  
  152  10:34  Baneling  
  152  10:35  Baneling x8  
  164  10:36  Baneling  
  164  10:37  Baneling  
  164  10:51  Zergling x32  
  180  10:57  Baneling x2  
  180  10:58  Baneling x13  
  180  10:59  Baneling  
  180  11:11  Zergling x2  
  180  11:12  Zergling x26  
Show
View Real Time Build Order
Export as new Build Order

mLty Terran 

Build Orders: Hellion Opening, Reaper Expand, MMM Bio 

Get SALT Encoding   

  12  0:00  SCV  
  13  0:12  SCV  
  14  0:17  Supply Depot  
  14  0:25  SCV  
  15  0:29  Refinery  
  15  0:38  SCV  
  16  0:44  Barracks  
  16  0:50  SCV  
  17  1:03  SCV  
  18  1:15  SCV  
  19  1:32  Orbital Command  
  19  1:33  Reaper  
  20  1:42  Command Center  
  20  1:52  Factory  
  20  1:57  SCV  
  21  2:02  Refinery  
  21  2:07  Barracks Reactor  
  21  2:10  SCV  
  21  2:15  Supply Depot  
  22  2:22  SCV  
  23  2:36  SCV  
  24  2:37  Starport  
  24  2:48  SCV  
  24  2:49  Hellion  
  24  2:50  Barracks Tech Lab  
  27  2:52  Hellion  
  29  3:01  SCV  
  29  3:02  Orbital Command  
  30  3:12  Hellion  
  32  3:13  Hellion  
  34  3:22  Armory  
  33  3:27  SCV  
  33  3:28  SCV  
  33  3:33  Medivac  
  37  3:43  SCV x2  
  37  3:44  Marine  
  37  3:46  Hellion x2  
  44  3:53  Supply Depot  
  44  3:57  SCV x2  
  46  4:03  Barracks Tech Lab  
  46  4:15  Supply Depot, SCV x2  
  48  4:21  Barracks  
  48  4:22  Barracks  
  48  4:26  Factory Reactor  
  48  4:27  Starport Reactor  
  48  4:45  Marine  
  49  4:46  Stimpack  
  49  4:47  SCV x2  
  49  4:50  Refinery  
  49  4:51  Engineering Bay  
  49  4:52  Engineering Bay  
  51  4:57  Command Center  
  45  5:02  Supply Depot  
  41  5:14  SCV x2  
  41  5:17  Marine  
  41  5:26  Marine x2, SCV x2  
  43  5:29  Siege Tank  
  43  5:30  Marine x2  
  43  5:31  Medivac x2  
  43  5:35  Marine  
  53  5:38  SCV  
  53  5:40  Refinery  
  54  5:47  Marine x3  
  54  5:48  Marine  
  58  6:00  Marine  
  58  6:03  Siege Tank  
  54  6:05  Marine  
  54  6:07  Terran Infantry Weapons Level 1, Terran Infantry Armor Level 1  
  48  6:17  SCV x2  
  46  6:21  Marine x4  
  50  6:26  Marine  
  50  6:27  Medivac x2  
  50  6:30  Terran Vehicle Weapons Level 1  
  55  6:39  Marine x2  
  56  6:40  Marine x2  
  56  6:42  Command Center  
  56  6:44  Marine  
  57  6:47  SCV x2  
  59  6:57  Marine x2, Viking  
  59  6:58  Marine x2  
  59  7:01  Viking  
  67  7:02  Marine  
  67  7:04  SCV x2  
  70  7:23  Supply Depot  
  70  7:26  Bunker  
  70  7:43  Barracks  
  70  7:44  Barracks, Marine x3, SCV x2, Siege Tank  
  78  7:51  Combat Shields  
  78  7:54  Marine x2  
  78  7:56  SCV x2  
  82  8:02  Marine x3  
  82  8:12  Marine  
  83  8:14  Marine  
  83  8:16  Siege Tank  
  82  8:20  Marine  
  63  8:37  Orbital Command  
  63  8:40  Marine, SCV x2  
  63  8:41  Barracks Reactor x2, Marine  
  67  8:42  Marine x3  
  67  8:48  Factory  
  70  8:52  SCV x2  
  70  8:55  Terran Infantry Weapons Level 2, Terran Infantry Armor Level 2  
  72  8:58  Marine  
  73  9:03  SCV  
  73  9:04  SCV x2  
  73  9:05  Marine  
  73  9:06  Marine x3  
  80  9:10  Supply Depot x2  
  80  9:15  Bunker, SCV  
  80  9:16  Marine, SCV x2  
  84  9:17  Refinery, Marine  
  84  9:18  Marine x2  
  84  9:19  Marine  
  88  9:24  Marine  
  88  9:25  Marine  
  88  9:26  Marine  
  88  9:27  Marine  
  88  9:28  SCV  
  93  9:31  SCV  
  93  9:33  Supply Depot  
  93  9:34  Supply Depot  
  93  9:36  SCV  
  95  9:40  SCV  
  95  9:43  SCV  
  97  9:51  Marine, Command Center  
  97  9:52  Marine x5  
  103  9:53  Marine  
  103  9:55  Marine  
  103  9:56  Factory Tech Lab  
  103  9:59  Medivac  
  107  10:00  Medivac  
  107  10:04  Siege Tank  
  107  10:07  Supply Depot  
  112  10:09  Supply Depot  
  112  10:14  Marine, SCV x3  
  115  10:15  Marine  
  115  10:16  Marine  
  118  10:24  Liberator  
  118  10:26  Marine x3  
  118  10:27  Marine x3  
  124  10:28  Siege Tank  
  124  10:31  SCV x2  
  129  10:37  Supply Depot, Marine  
  129  10:38  Marine, Supply Depot  
  134  10:47  Marine  
  135  10:56  Marine x6  
  141  10:59  Marine  
  142  11:06  Marine  
  142  11:07  Supply Depot, Marine  
  142  11:10  Supply Depot  
  144  11:14  Marine x2  
Tags
 
Add a new tag
Caveats
  • Supply blocks, unpowered buildings, or Contaminate may cause inaccurate times.
  • Supply counts are checked every 10 seconds.